[Event "CCT Chessable Masters Play-In 2025"]
[Site "Online"]
[Date "2025.02.17"]
[Round "5.54"]
[White "Dominguez Perez, Leinier"]
[Black "Atabayev, Saparmyrat"]
[Result "0-1"]
[ECO "B92"]
[WhiteElo "2607"]
[BlackElo "2516"]
[PlyCount "162"]
[EventDate "2025.02.13"]
[EventType "swiss"]
[EventCountry "NET"]
[TimeControl "600"]
[BlackClock "0:01:03"]

1. e4 c5 2. Nf3 d6 3. d4 cxd4 4. Nxd4 Nf6 5. Nc3 a6 6. Be2 e5 7. Nb3 Be7 8. Be3 O-O 9. g4 Be6 10. g5 Nfd7 11. Qd2 Nb6 12. O-O-O N8d7 13. h4 Rc8 14. Kb1 Nc4 15. Bxc4 Rxc4 16. h5 Qc7 17. Nd5 Bxd5 18. exd5 Rg4 19. f3 Rc4 20. Qd3 e4 21. fxe4 Ne5 22. Qe2 Rxe4 23. Rd4 Rxd4 24. Nxd4 Qc4 25. Qg2 Rc8 26. Nf5 Bf8 27. Bd4 Kh8 28. b3 Qc7 29. g6 h6 30. Rg1 f6 31. Bxe5 dxe5 32. Qe4 Ba3 33. c4 Qc5 34. Rg2 b5 35. d6 Qa7 36. Qd5 bxc4 37. d7 Rd8 38. Nxh6 Qxd7 39. Qxd7 Rxd7 40. Nf5 Rd1+ 41. Kc2 Rc1+ 42. Kd2 c3+ 43. Kd3 Rf1 44. Ne3 Rf3 45. Ke4 Rh3 46. Rc2 Bb2 47. Nd1 Rh4+ 48. Ke3 Rh3+ 49. Ke4 Ba1 50. Rc1 Rh4+ 51. Kf5 Rxh5+ 52. Ke6 Rh1 53. Rxa1 Kg8 54. Rc1 Rg1 55. Rxc3 Rxg6 56. Ne3 Rg3 57. Rc8+ Kh7 58. Nf5 Rg2 59. Kf7 g6 60. Ne3 Rg3 61. Nd5 f5 62. Rc1 Kh6 63. Kf6 Kh5 64. Kxe5 Kg5 65. b4 Rg2 66. a4 Re2+ 67. Kd4 Ra2 68. a5 Rg2 69. Rc6 f4 70. Rxa6 f3 71. Ra8 Rd2+ 72. Kc5 Kg4 73. Rf8 Ra2 74. b5 Rxa5 75. Kc6 Ra2 76. b6 Rc2+ 77. Kd6 Rb2 78. Kc7 Rc2+ 79. Kd6 Rb2 80. Kc7 Kg3 81. Kc6 f2 0-1

[Event "CCT Chessable Masters Play-In 2025"]
[Site "Online"]
[Date "2025.02.17"]
[Round "5.55"]
[White "Banusz, Tamas"]
[Black "Blohberger, Felix"]
[Result "1-0"]
[ECO "D02"]
[WhiteElo "2582"]
[BlackElo "2532"]
[PlyCount "123"]
[EventDate "2025.02.13"]
[EventType "swiss"]
[EventCountry "NET"]
[TimeControl "600"]
[WhiteClock "0:00:52"]

1. d4 d5 2. Nf3 Nf6 3. g3 g6 4. Bg2 Bg7 5. O-O O-O 6. c3 a5 7. a4 c6 8. Nbd2 Nbd7 9. Re1 c5 10. e3 b6 11. b3 Bb7 12. Bb2 Rc8 13. Nb1 Ne4 14. Na3 Nd6 15. Qe2 e5 16. dxe5 Nxe5 17. Nxe5 Bxe5 18. Rad1 Qf6 19. Bxd5 Bxc3 20. Bxb7 Nxb7 21. Bxc3 Qxc3 22. Rd3 Qf6 23. Nc4 Rfd8 24. Red1 Rxd3 25. Rxd3 Rd8 26. Qd1 Rxd3 27. Qxd3 Qc6 28. e4 b5 29. Ne5 c4 30. bxc4 Qe6 31. Qd4 bxa4 32. c5 a3 33. c6 Nd6 34. c7 a2 35. Kg2 f6 36. Qxd6 Qxd6 37. c8=Q+ Kg7 38. Qb7+ Kg8 39. Qb3+ Kg7 40. Nc4 Qd4 41. Qxa2 Qxe4+ 42. f3 Qd5 43. Qa4 Qd3 44. Kf2 Qd4+ 45. Ke2 Qg1 46. Qd7+ Kh6 47. Qh3+ Kg7 48. Ne3 h5 49. Nf1 Kh6 50. g4 a4 51. gxh5 gxh5 52. Qh4 Kg6 53. Qxa4 Qg2+ 54. Ke1 Qxf3 55. Qc2+ Kg5 56. Qf2 Kf4 57. Qd4+ Qe4+ 58. Qxe4+ Kxe4 59. Kf2 Kf4 60. Ne3 h4 61. h3 f5 62. Ng2+ 1-0

[Event "CCT Chessable Masters Play-In 2025"]
[Site "Online"]
[Date "2025.02.17"]
[Round "5.56"]
[White "Gokerkan, Cem Kaan"]
[Black "Donchenko, Alexander"]
[Result "1-0"]
[ECO "B22"]
[WhiteElo "2473"]
[BlackElo "2632"]
[PlyCount "61"]
[EventDate "2025.02.13"]
[EventType "swiss"]
[EventCountry "NET"]
[TimeControl "600"]
[WhiteClock "0:00:47"]
[BlackClock "0:01:28"]

1. e4 c5 2. c3 Nf6 3. e5 Nd5 4. d4 cxd4 5. Bc4 Nb6 6. Bb3 d5 7. cxd4 Bf5 8. Ne2 e6 9. Nbc3 Nc6 10. Ng3 Bg6 11. h4 h6 12. h5 Bh7 13. Qg4 Nc4 14. O-O Qb6 15. Be3 Nxb2 16. Rab1 Bxb1 17. Rxb1 Nd3 18. Bxd5 Qa5 19. Rxb7 Qxc3 20. Bxe6 Be7 21. Qxg7 Rf8 22. Nf5 Rb8 23. Rxe7+ Nxe7 24. Nd6+ Kd8 25. Qxf8+ Kc7 26. Qxe7+ Kb6 27. d5+ Nc5 28. Nc8+ Kb5 29. Nxa7+ Kb6 30. Qd6+ Ka5 31. Qxb8 1-0

[Event "CCT Chessable Masters Play-In 2025"]
[Site "Online"]
[Date "2025.02.17"]
[Round "5.57"]
[White "Nesterov, Arseniy"]
[Black "Matinian, Nikita"]
[Result "0-1"]
[ECO "E16"]
[WhiteElo "2591"]
[BlackElo "2415"]
[PlyCount "160"]
[EventDate "2025.02.13"]
[EventType "swiss"]
[EventCountry "NET"]
[TimeControl "600"]
[WhiteClock "0:00:04"]
[BlackClock "0:00:27"]

1. d4 Nf6 2. c4 e6 3. Nf3 b6 4. g3 Bb7 5. Bg2 Bb4+ 6. Nbd2 O-O 7. O-O c5 8. a3 Bxd2 9. Qxd2 cxd4 10. Qxd4 Nc6 11. Qf4 Na5 12. Bd2 Nb3 13. Rad1 Nxd2 14. Rxd2 Rc8 15. Rfd1 Qc7 16. Qxc7 Rxc7 17. Ne5 Bxg2 18. Kxg2 d5 19. cxd5 Nxd5 20. e4 Nf6 21. f3 g6 22. g4 Kg7 23. h4 Rfc8 24. b4 h6 25. Kg3 Rc3 26. Rd3 Rxd3 27. Rxd3 Rc1 28. Rd8 Rc3 29. Kf4 Rxa3 30. Rc8 g5+ 31. hxg5 hxg5+ 32. Kxg5 Nh7+ 33. Kf4 Nf8 34. Kg3 Ng6 35. Nd7 Rd3 36. Rc7 Rb3 37. Rxa7 Rxb4 38. Rb7 b5 39. g5 Rb1 40. Nc5 Kg8 41. f4 b4 42. Nd7 b3 43. Rb8+ Kg7 44. f5 b2 45. Kh2 exf5 46. exf5 Nh4 47. Ne5 Re1 48. Rxb2 Rxe5 49. g6 fxg6 50. fxg6 Kxg6 51. Rb6+ Kg5 52. Rb3 Re4 53. Rb5+ Kg4 54. Rb2 Ng6 55. Rg2+ Kf5 56. Kg3 Re3+ 57. Kf2 Rb3 58. Rg3 Rb2+ 59. Ke3 Nf4 60. Rg8 Ke5 61. Rg5+ Kf6 62. Ra5 Ng6 63. Ra6+ Kf5 64. Ra5+ Ne5 65. Kd4 Rb4+ 66. Kc3 Rc4+ 67. Kb3 Rd4 68. Rb5 Rd1 69. Kc2 Rd6 70. Rb3 Ke4 71. Rb4+ Ke3 72. Rb3+ Nd3 73. Rc3 Ke2 74. Rc4 Ra6 75. Re4+ Kf3 76. Rd4 Nc5 77. Kc3 Ne4+ 78. Kd3 Ra3+ 79. Kc4 Ke3 80. Kd5 Ra5+ 0-1

[Event "CCT Chessable Masters Play-In 2025"]
[Site "Online"]
[Date "2025.02.17"]
[Round "5.58"]
[White "Zhu, Jiner"]
[Black "Nasuta, Grzegorz"]
[Result "1-0"]
[ECO "C78"]
[WhiteElo "2514"]
[BlackElo "2506"]
[PlyCount "111"]
[EventDate "2025.02.13"]
[EventType "swiss"]
[EventCountry "NET"]
[TimeControl "600"]
[WhiteClock "0:01:31"]

1. e4 e5 2. Nf3 Nc6 3. Bb5 a6 4. Ba4 Nf6 5. O-O b5 6. Bb3 Bc5 7. c3 d6 8. d4 Bb6 9. a4 Rb8 10. a5 Ba7 11. h3 Bb7 12. Be3 Nxe4 13. Re1 exd4 14. cxd4 d5 15. Nc3 Ne7 16. Nxe4 dxe4 17. Ng5 Bd5 18. Nxe4 O-O 19. Bc2 Bxe4 20. Bxe4 Nd5 21. Rc1 Nxe3 22. fxe3 c5 23. dxc5 Qxa5 24. c6 Rbc8 25. Qf3 Qb4 26. Re2 Bb6 27. Bf5 Rc7 28. Kh1 Re7 29. Rd1 g6 30. Bd7 Bc7 31. e4 Qc5 32. Qf6 a5 33. g4 Be5 34. Qf3 a4 35. Qd3 b4 36. Rc2 Qb6 37. Kg2 Ra8 38. Qc4 b3 39. Rf2 a3 40. bxa3 b2 41. Qb4 Qxb4 42. axb4 Rb8 43. b5 Kg7 44. Rb1 Bc7 45. Rbxb2 Rxe4 46. Rf3 Re5 47. Rfb3 Rb6 48. Bc8 Rc5 49. Ba6 h5 50. Kf3 hxg4+ 51. hxg4 g5 52. Ke4 Rc4+ 53. Kd5 Rxg4 54. Re2 Rf4 55. Re7 Rf5+ 56. Ke4 1-0